Map: Tourmaline LE

Players

Calypso - Winner!

  • Race: Zerg Zerg
  • League: Diamond
  • Spawn Location: 1:00

AMCHOLDER

  • Race: Zerg Zerg
  • League: Diamond
  • Spawn Location: 7:00

VOD

Have the link to the VOD?

Description

Time

  • Played on: Dec. 26, 2025, 2:21 p.m.
  • Length: 5:27
Show
View Real Time Build Order
Export as new Build Order

Calypso Zerg - Winner!

Build Orders: Hatch First 

Get SALT Encoding   

  12  0:00  Drone  
  13  0:08  Drone  
  14  0:15  Extractor, Drone  
  15  0:21  Overlord  
  15  0:40  Drone  
  16  0:46  Hatchery  
  16  0:49  Drone  
  16  0:52  Drone  
  16  0:56  Drone  
  18  1:06  Extractor  
  17  1:11  Spawning Pool  
  17  1:16  Drone  
  17  1:19  Drone  
  18  1:27  Drone  
  19  1:37  Drone  
  20  1:51  Drone  
  21  1:58  Queen x2, Drone  
  21  2:00  Overlord  
  26  2:06  Evolution Chamber  
  25  2:12  Drone  
  25  2:13  Drone  
  27  2:21  Drone  
  27  2:22  Drone  
  29  2:33  Drone x2  
  31  2:40  Hatchery  
  30  2:45  Drone x2  
  30  2:49  Zerg Melee Weapons Level 1  
  32  2:55  Metabolic Boost  
  32  3:01  Drone x2  
  32  3:02  Evolution Chamber  
  33  3:06  Overlord  
  33  3:11  Drone x2  
  35  3:18  Drone  
  35  3:19  Overlord  
  36  3:28  Roach Warren  
  36  3:32  Drone x2  
  37  3:42  Drone  
  37  3:43  Drone x3  
  41  3:49  Overlord  
  41  4:00  Zergling x10  
  46  4:10  Zergling x6  
  46  4:15  Zergling x2  
  50  4:18  Zergling x4  
  50  4:24  Zergling x2  
  53  4:25  Zergling x4  
  53  4:26  Zergling x2  
  56  4:37  Zergling x8  
  60  4:45  Zergling x4  
  60  4:46  Zergling x2  
  60  4:49  Zergling x6  
  65  4:53  Overlord  
  65  4:58  Overlord  
  65  5:04  Zergling x4  
  65  5:08  Overlord  
  65  5:09  Zergling x2  
  65  5:10  Extractor x2  
  67  5:24  Hatchery  
Show
View Real Time Build Order
Export as new Build Order

AMCHOLDER Zerg 

Build Orders: Hatch First 

Get SALT Encoding   

  12  0:00  Drone  
  13  0:09  Drone  
  14  0:15  Extractor, Drone  
  15  0:23  Overlord  
  15  0:42  Hatchery  
  15  0:45  Drone  
  15  0:49  Drone  
  16  0:53  Drone  
  17  0:59  Drone  
  18  1:06  Extractor  
  17  1:12  Spawning Pool  
  17  1:15  Drone  
  17  1:19  Drone  
  18  1:29  Drone  
  19  2:00  Queen x2  
  23  2:01  Zergling x2  
  23  2:02  Zergling x2  
  23  2:03  Overlord  
  23  2:05  Zergling x2  
  23  2:08  Drone  
  27  2:12  Metabolic Boost  
  27  2:16  Drone  
  28  2:32  Hatchery  
  28  2:35  Drone x2  
  29  2:43  Drone x3  
  32  2:49  Overlord  
  32  2:54  Overlord  
  32  2:58  Drone  
  34  3:05  Drone  
  34  3:08  Queen  
  36  3:14  Queen  
  38  3:21  Baneling Nest  
  38  3:23  Drone  
  38  3:24  Drone  
  38  3:26  Drone  
  40  3:27  Drone  
  40  3:30  Overlord  
  41  3:37  Zergling x2  
  41  3:38  Zergling x4  
  44  3:42  Drone x2  
  44  3:43  Drone  
  47  3:50  Drone x3  
  50  3:59  Drone x2  
  50  4:01  Roach Warren, Drone  
  52  4:07  Extractor  
  52  4:09  Extractor  
  50  4:13  Drone  
  50  4:14  Drone x2  
  50  4:15  Drone x3  
  56  4:17  Overlord  
  56  4:20  Overlord  
  56  4:29  Lair  
  56  4:34  Queen  
  56  4:37  Zergling x2  
  59  4:39  Zergling x2  
  59  4:41  Overlord x2  
  60  4:49  Roach x2  
  60  4:50  Roach x2  
  66  4:54  Roach  
  67  5:03  Roach x4  
  67  5:04  Zergling x2  
Tags
 
Add a new tag
Caveats
  • Supply blocks, unpowered buildings, or Contaminate may cause inaccurate times.
  • Supply counts are checked every 10 seconds.